AoeStats
← NikolastrA

Arena

510834124Analyzed
1v1 RM · 12h ago on Oct 2, 2026· 36m 5s· 2 players
Game mode
Random Map
Map size
Tiny (2 player)
Population
200
Speed
Normal
Resources
Standard
Victory
Conquest
Starting age
Dark Age
Ending age
Imperial Age
RankedLock teamsTeams togetherTeam positionsShared explorationLock speedFull tech treeHidden civsTurbo modeCheats
Victory
Defeat
🇨🇴 Japanese · Colombia
652
+13
🇧🇷 Persians · Brazil
587
-13
Exterminador BR
1:26 Loom
12:36 Feudal Age
13:05 Double-Bit Axe
13:03 Horse Collar
14:21 Wheelbarrow
15:43 Gold Mining
16:57 Stone Mining
16:50 Man-at-Arms
23:01 Castle Age
23:57 Hand Cart
25:00 Stone Shaft Mining
24:29 Scale Mail Armor
24:02 Crossbowman
24:12 Long Swordsman
26:10 Bow Saw
26:02 Heavy Plow
27:47 Fletching
28:41 Gambesons
32:12 Fervor
32:41 Chain Mail Armor
NikolastrA
12:13 Feudal Age
10:30 Loom
12:42 Double-Bit Axe
19:44 Castle Age
17:37 Gold Mining
17:16 Man-at-Arms
17:48 Town Watch
19:12 Fletching
20:36 Forging
21:36 Wheelbarrow
21:38 Long Swordsman
23:13 Bodkin Arrow
25:19 Scale Mail Armor
25:44 Padded Archer Armor
26:37 Squires
27:54 Iron Casting
30:53 Fortified Wall
31:20 Chain Mail Armor
35:43 Imperial Age
33:15 Murder Holes
33:24 Pikeman
33:50 Gambesons
35:42 Husbandry
Connection lost

Rejoining the realm…

Still unreachable

The connection could not be restored.

Session expired

The server has moved on; the page needs a fresh start.